 Dungeon Crawl Stone Soup version 0.21-a0-2-ge494091 (webtiles) character file.

630 JeffiDaFish the Ducker (level 7, -6/67 HPs)
             Began as a Troll Warper on May 22, 2017.
             Mangled by an orc warrior
             ... wielding a +0 war axe
              (13 damage)
             ... on level 5 of the Dungeon.
             The game lasted 00:11:59 (4209 turns).

JeffiDaFish the Ducker (Troll Warper)               Turns: 4209, Time: 00:11:59

Health: -6/67      AC:  6    Str: 20    XL:     7   Next: 24%
Magic:  8/10       EV: 11    Int:  9    God:
Gold:   221        SH:  0    Dex: 11    Spells: 4/11 levels left

rFire    . . .     SeeInvis .   a - +1 mace
rCold    . . .     Gourm    +   (no shield)
rNeg     + . .     Faith    .   b - +1 robe
rPois    .         Spirit   .   (helmet restricted)
rElec    .         Reflect  .   (no cloak)
rCorr    +         Harm     .   (gloves unavailable)
MR       .....                  (boots unavailable)
Stlth    +.........             (no amulet)
Regen    0.7/turn               k - ring of positive energy
MPRegen  0.2/turn               l - ring of resist corrosion

@: very slightly contaminated
A: unfitting armour, claws 3, fast metabolism 3, gourmand, regeneration 1,
shaggy fur 1, tough skin 2
a: no special abilities


You were on level 5 of the Dungeon.
You were very full.

You visited 1 branch of the dungeon, and saw 5 of its levels.

You collected 221 gold pieces.

Inventory:

Hand Weapons
 a - a +1 mace (weapon)
Missiles
 e - 5 tomahawks of dispersal (quivered)
 j - 9 tomahawks
Armour
 b - a +1 robe (worn)
Jewellery
 k - a ring of positive energy (left claw)
 l - a ring of resist corrosion (right claw)
Wands
 r - a wand of flame (26/48)
Scrolls
 d - 3 scrolls of blinking
 g - 5 scrolls of remove curse
 n - a scroll of teleportation
Potions
 p - a potion of heal wounds
Books
 c - a book of Spatial Translocations

   Spells                             Type                      Level
   a - Blink                          Translocation                2
   b - Shroud of Golubria             Charms/Translocation         2
   c - Lesser Beckoning               Translocation                3
   d - Gell's Gravitas                Translocation                3
   e - Teleport Other                 Translocation                3
   f - Passage of Golubria            Translocation                4
Comestibles
 f - 5 bread rations
 h - a meat ration
 i - 6 fruits
 o - a royal jelly


   Skills:
 * Level 3.4 Fighting
 + Level 3.0 Maces & Flails
 - Level 0.8 Throwing
 * Level 3.7 Dodging
 - Level 0.2 Stealth
 * Level 2.7 Spellcasting
 + Level 3.0 Translocations


You had 4 spell levels left.
You knew the following spells:

 Your Spells              Type           Power        Failure   Level  Hunger
a - Blink                 Tloc           N/A          14%         2    ###....
b - Gell's Gravitas       Tloc           #.........   26%         3    ####...
c - Shroud of Golubria    Chrm/Tloc      #.........   26%         2    ###....


Dungeon Overview and Level Annotations

Branches:
Dungeon (5/15)
 Temple: D:4-7

Altars:

Annotations:
D:5 Pikel


Innate Abilities, Weirdness & Mutations

You are too large for most types of armour.
You have claws for hands.
Your metabolism is lightning-fast.
You like to eat raw meat.
Your natural rate of healing is unusually fast.
You are covered in fur. (AC +1)
You have very tough skin. (AC +2)


Message History

Pikel is lightly wounded.
Pikel hits you with a whip of flaming. Pikel burns you.
You hit Pikel but do no damage.
Pikel is lightly wounded.
The orc warrior hits you with a war axe!!
* * * LOW HITPOINT WARNING * * *
Pikel hits you with a whip of flaming.
* * * LOW HITPOINT WARNING * * *
Pikel burns you.
* * * LOW HITPOINT WARNING * * *
The orc warrior hits you with a war axe.
* * * LOW HITPOINT WARNING * * *
Pikel hits you but does no damage.
The crimson imp blinks!
The crimson imp laughs crazily.
A giant cockroach comes into view.
The crimson imp disappears for a moment.
There is a stone staircase leading up here.
The orc warrior hits you with a war axe!
You die...

#.♣ .#?##. . ##.♣# ♣.#
. #..##.Z.♣♣♣..#.##
#.................# )#
#.####.s...###.#..##.##
###.......##.#.......
...........##.#.......
####..#....##.#.5....
.. #.###..@o.a.......
#.# ## #....K..#.#. #.#
#...####(pp(# # #.#
#... #.##.###.####.##
#... #.##...........#
#... ###.##..##........
#.. ........# ###.).
#.###.#######.## #.#
#.$........)


You could see Pikel, an orc warrior, 2 slaves, a worker ant, a crimson imp, a
giant cockroach and a ball python skeleton.

Vanquished Creatures
  An ogre (D:4)
  2 slaves (D:5)
  3 electric eels (D:4)
  A howler monkey (D:4)
  An orc wizard (D:5)
  2 hounds (D:4)
  An iguana (D:4)
  2 worker ants
  4 gnolls (D:4)
  7 adders
  2 worms (D:3)
  A dart slug (D:2)
  7 leopard geckos
  11 orcs
  15 giant cockroaches
  7 goblins
  7 hobgoblins
  4 jackals (D:4)
  A ball python skeleton (D:4)
  8 bats
  5 frilled lizards
  A jackal skeleton (D:4)
  8 kobolds
  A leopard gecko skeleton (D:4)
  6 rats
108 creatures vanquished.

Notes
Turn   | Place    | Note
-------+----------+-------------------------------------------
     0 | D:1      | JeffiDaFish the Troll Warper began the quest for the Orb.
     0 | D:1      | Reached XP level 1. HP: 19/19 MP: 1/1
   193 | D:1      | Reached XP level 2. HP: 28/28 MP: 3/3
   262 | D:1      | Learned a level 2 spell: Blink
   839 | D:2      | Reached XP level 3. HP: 15/35 MP: 4/4
  1072 | D:2      | Learned a level 3 spell: Gell's Gravitas
  1440 | D:2      | Reached XP level 4. HP: 38/42 MP: 5/5
  2506 | D:3      | You fall through a shaft for 2 floors!
  2506 | D:5      | Entered Level 5 of the Dungeon
  2534 | D:5      | Noticed an ice beast
  2573 | D:5      | Reached XP level 5. HP: 36/50 MP: 7/7
  2615 | D:5      | Noticed an orc warrior
  2711 | D:5      | Noticed a slave
  2887 | D:4      | Noticed an ogre
  2916 | D:4      | Noticed a spatial vortex
  2935 | D:4      | HP: 2/52 [gnoll/club (6)]
  3081 | D:3      | Reached XP level 6. HP: 59/59 MP: 8/8
  3455 | D:4      | Learned a level 2 spell: Shroud of Golubria
  3852 | D:4      | Reached XP level 7. HP: 67/67 MP: 5/10
  4004 | D:4      | Identified the cursed +1 hand axe of Ohyl {pain, Dex+4} (You found it on level 4 of the Dungeon)
  4192 | D:5      | Noticed Pikel
  4203 | D:5      | HP: 3/67 [orc warrior/war axe (1)]
  4209 | D:5      | Mangled by an orc warrior

Vault maps used:
D:1:      kilobyte_arrival_exit_the_forest, minmay_pentomino_p2
D:2:      first_bread
D:4:      gammafunk_steamed_eel
D:5:      minmay_stone_trees_small, uniq_pikel

Skill      XL: |  1  2  3  4  5  6  7 |
---------------+----------------------+-----
Dodging        | 2 3 |  3.7
Maces & Flails | 2 3 |  3.0
Fighting       | 2 3 |  3.4
Spellcasting   | 2 |  2.7
Translocations | 3 |  3.0
Throwing       | |  0.8
Stealth        | |  0.2

Action                   |  1- 3 |  4- 6 |  7- 9 || total
-------------------------+-------+-------+-------++-------
Melee: Mace              |   144 |   258 |    64 ||   466
 Cast: Gell's Gravitas   |       |     2 |       ||     2
       Blink             |       |     3 |     1 ||     4
       Shroud of Golubri |       |     2 |     2 ||     4
Evoke: Wand              |       |     4 |       ||     4
  Use: Scroll            |     6 |     3 |     1 ||    10
       Potion            |     4 |     3 |       ||     7
 Stab: Sleeping          |     1 |       |       ||     1
  Eat: Chunk             |    18 |    25 |     3 ||    46
Armor: Robe              |    82 |   101 |    17 ||   200
Dodge: Dodged            |   107 |   206 |    38 ||   351
